 Dungeon Crawl Stone Soup version 0.31.0-9-g3a7656b989 (webtiles) character file.

Game seed: 10617765070201910938

38 qw the Shooter (level 3, 0/18 HPs)
             Began as a Spriggan Hunter on Feb 2, 2024.
             Succumbed to their own poison gas
             ... on level 1 of the Dungeon.
             The game lasted 00:00:02 (750 turns).

qw the Shooter (Spriggan Hunter)                     Turns: 750, Time: 00:00:02

Health: 0/18       AC:  2    Str:  7    XL:     3   Next: 25%
Magic:  4/4        EV: 19    Int: 10    God:
Gold:   100        SH:  0    Dex: 20    Spells: 2/2 levels left

rFire   . . .        a - +0 shortbow
rCold   . . .        (shield currently unavailable)
rNeg    . . .        c - +0 robe
rPois   .            (helmet restricted)
rElec   .            (no cloak)
rCorr   .            (gloves unavailable)
SInv    +            (boots unavailable)
Will    .....        (no amulet)
Stlth   ++           (no ring)
HPRegen 0.23/turn    (no ring)
MPRegen 0.09/turn

%: no passive effects
@: lethally poisoned (0 -> -4), very quick
A: very small, no large weapons, unfitting armour, see invisible, speed 3
a: no special abilities


You were on level 1 of the Dungeon.
You visited 1 branch of the dungeon, and saw 1 of its levels.

You collected 100 gold pieces.


Innate Abilities, Weirdness & Mutations

You are very small and have problems with some larger weapons.
You are too small for most types of armour.
You have supernaturally acute eyesight. (SInv)
You cover ground extremely quickly. (Speed+++)


   Skills:
 - Level 1.5 Fighting
 + Level 4.6 Ranged Weapons
 - Level 4.0 Dodging
 - Level 1.5 Stealth


You had 2 spell levels left.
You didn't know any spells.
Your spell library was empty.

Inventory:

Hand Weapons
 a - a +0 shortbow (weapon)
Armour
 c - a +0 robe (worn)
Potions
 f - a potion of enlightenment
 g - a potion of brilliance {unknown}
 k - a potion of lignification {unknown}

Dungeon Overview and Level Annotations

Branches:
Dungeon (1/15)

Altars:


Message History

740 ||| READING scroll labelled FUWNIFR BAXT.
The air fills with toxic fumes!
As you read the scroll labelled FUWNIFR BAXT, it crumbles to dust.
It was a scroll of poison.
Done exploring.
741 ||| DROPPING scroll of butterflies.
You drop a scroll of butterflies.
Done exploring.
742 ||| DROPPING potion of berserk rage.
You drop a potion of berserk rage.
Done exploring.
What level of the Dungeon? (default 1, ? - help) Sorry, I don't know how to get there.
Enter note:
Enter note:
Enter note:
Enter note:
Enter note:
Enter note:
Enter note:
Enter note:
Enter note: You are engulfed in poison gas.
You are lethally poisoned!
You feel very sick.
744 ||| Stepping ~*~*~tactically~*~*~ (cloud).
You feel sick.
Things that are here:
a potion of berserk rage; a scroll of butterflies
There is a lethal amount of poison in your body!
You feel very sick.
There is a lethal amount of poison in your body!
You feel very sick.
There is a lethal amount of poison in your body!
You feel sick.
There is a lethal amount of poison in your body!
You feel sick.
There is a lethal amount of poison in your body!
You feel sick.
There is a lethal amount of poison in your body!
You die...

#.# #.# #0# #.##
#0# #... #¤# #.##
#¤# #.## #0# #.#
#¤# #.# ###0# #.#
#¤@0# #.#
#¤#¤########## #.#
#¤.¤#.#.#....###.#
#..¤¤#.#)........##
#¤.80#8#.8..####[##
##.0¤#.#...## #.##
#.###0#.###.# #...
##.8.###.8.## #.##
#.###.#.###.# #.##


There were no monsters in sight!

Vanquished Creatures
  2 dart slugs (D:1)
  6 ball pythons (D:1)
  2 bats (D:1)
  2 endoplasms (D:1)
  3 giant cockroaches (D:1)
  A goblin (D:1)
  A hobgoblin (D:1)
  3 jackals (D:1)
  2 frilled lizards (D:1)
  5 kobolds (D:1)
  3 rats (D:1)
30 creatures vanquished.

Notes
Turn   | Place    | Note
-------+----------+-------------------------------------------
     0 | D:1      | qw the Spriggan Hunter began the quest for the Orb.
     0 | D:1      | Reached XP level 1. HP: 10/10 MP: 2/2
     0 | D:1      | 0 ||| qw: Version: 0.3-a-155-g5e7d8dd
     0 | D:1      | 0 ||| qw: Game counter: 1210
     0 | D:1      | 0 ||| qw: Melee chars always use a shield: true
     0 | D:1      | 0 ||| qw: God list: Okawaru
     0 | D:1      | 0 ||| qw: Allow faded altars: false
     0 | D:1      | 0 ||| qw: Do Orc after clearing Dungeon:15 true
     0 | D:1      | 0 ||| qw: Do second Lair branch before Depths: true
     0 | D:1      | 0 ||| qw: Lair rune preference: random
     0 | D:1      | 0 ||| qw: Goals: Normal
     0 | D:1      | 0 ||| PLANNING D:1-11
    88 | D:1      | Reached skill level 3 in Dodging
   255 | D:1      | Reached XP level 2. HP: 14/14 MP: 3/3
   390 | D:1      | Reached XP level 3. HP: 18/18 MP: 4/4
   732 | D:1      | 732 ||| READING scroll labelled IXOEHOPSEO.
   737 | D:1      | 737 ||| READING scroll labelled KOTTYEMICS.
   738 | D:1      | 738 ||| READING 2 scrolls labelled FINAIS ECZI.
   738 | D:1      | 738 ||| IDENTIFYING golden potion
   739 | D:1      | 739 ||| READING scroll of identify.
   739 | D:1      | 739 ||| IDENTIFYING white potion
   740 | D:1      | 740 ||| READING scroll labelled FUWNIFR BAXT.
   741 | D:1      | 741 ||| DROPPING scroll of butterflies.
   742 | D:1      | 742 ||| DROPPING potion of berserk rage.
   744 | D:1      | 744 ||| Stepping ~*~*~tactically~*~*~ (cloud).
   746 | D:1      | HP: 4/18 [poisoned by you (poison gas)]
   749 | D:1      | HP: 1/18 [poisoned by you (poison gas)]
   750 | D:1      | Succumbed to their own poison gas

Levels and vault maps discovered:
D:1:      doesnt_arrival_eight_statues, layout_basic,
          minmay_misc_feat_secret_circle, nicolae_twisty_statue_hallways

Skill      XL: |  1  2 |
---------------+-------+-----
Dodging        | 3 4 |  4.0
Fighting       | |  1.5
Ranged Weapons | |  4.6
Stealth        | |  1.5

Action                     || total
---------------------------++-------
   Fire: Shortbow          ||    72
    Use: Scroll            ||     5
 Armour: Robe              ||     4
  Dodge: Dodged            ||    24

Table legend:
 A = Non-vault XP
 B = Vault XP
 C = Vault XP percentage of total XP
 D = Non-vault monster count
 E = Vault monster count
 F = Vault count percentage of total count
                 A         B        C        D         E       F
            +---------+---------+-------+---------+---------+-------
      Total |      55 |       0 |   0.0 |      30 |       0 |   0.0
            +---------+---------+-------+---------+---------+-------
        D:1 |      55 |       0 |   0.0 |      30 |       0 |   0.0
            +---------+---------+-------+---------+---------+-------
